 Dungeon Crawl Stone Soup version 0.32-a0-422-g28b100f618 (webtiles) character file.

Game seed: 11551424272349192630

5681 Sobieck the Basher (level 10, -1/91 HPs)
             Began as a Mountain Dwarf Reaver on Feb 21, 2024.
             Was a High Priest of Cheibriados.
             Slain by Sonja
             ... wielding a +2 dagger of distortion
              (10 damage)
             ... on level 10 of the Dungeon.
             The game lasted 00:21:17 (9549 turns).

Sobieck the Basher (Mountain Dwarf Reaver)          Turns: 9549, Time: 00:21:17

Health: -1/91      AC: 16    Str: 30    XL:     10   Next: 47%
Magic:  2/4        EV: 11    Int: 25    God:    Cheibriados [*****.]
Gold:   284        SH:  0    Dex: 19    Spells: 8/13 levels left

rFire   . . .        o - +5 demon whip "Spellbinder" {antimagic, disrupt, Will+}
rCold   . . .        (no shield)
rNeg    . . .        y - +0 scale mail
rPois   .            I - +2 helmet {SInv}
rElec   .            G - +2 cloak
rCorr   +            r - +1 pair of gloves
SInv    +            (no boots)
Will    ++...        (no amulet)
Stlth   +            g - ring of resist corrosion
HPRegen 0.35/turn    (no ring)
MPRegen 0.09/turn

%: no passive effects
@: lethally poisoned (-1 -> -8), slowed, very slow
A: runic magic, artefact enchanting
a: Renounce Religion, Bend Time, Temporal Distortion, Slouch, Step From Time


You were on level 10 of the Dungeon.
You worshipped Cheibriados.
Cheibriados was extremely pleased with you.
You visited 1 branch of the dungeon, and saw 10 of its levels.
You also visited: Sewer.

You collected 492 gold pieces.
You spent 208 gold pieces at shops.

Inventory:

Hand Weapons
 a - a +0 mace
 d - a +0 whip
 o - the +5 demon whip "Spellbinder" (weapon) {antimagic, disrupt, Will+}
   (You found it on level 2 of the Dungeon)

   Will+:     It increases your willpower.
Missiles
 j - 78 stones
 k - 56 poisoned darts
 Z - 3 throwing nets
Armour
 b - a +0 leather armour
 c - a scarf of shadows
 i - the +0 leather armour of Weirdness {Dex+2}
   (You found it on level 4 of the Dungeon)

   Dex+2:     It affects your dexterity (+2).
 l - a +0 ring mail
 r - a +1 pair of gloves (worn)
 y - a +0 scale mail (worn)
 G - a +2 cloak (worn)
 I - a +2 helmet of see invisible (worn)
 M - a +2 pair of boots of rampaging
Jewellery
 g - a ring of resist corrosion (left hand)
 C - a ring of ice
Wands
 u - a wand of polymorph (2)
 B - a wand of mindburst (4)
 E - a wand of charming (2)
Scrolls
 e - 2 scrolls of poison {unknown}
 p - 2 scrolls of noise
 D - a scroll of summoning
 H - a scroll of immolation
 J - 2 scrolls of torment {unknown}
 K - 2 scrolls of enchant armour
 L - a scroll of fog
 T - 5 scrolls of teleportation
Potions
 f - 4 potions of invisibility
 h - 4 potions of might
 m - 2 potions of lignification
 n - 3 potions of brilliance
 q - a potion of resistance
 s - a potion of attraction
 t - a potion of ambrosia {unknown}
 v - 3 potions of cancellation
 w - 4 potions of heal wounds
 x - 3 potions of mutation
 z - a potion of degeneration {unknown}
 A - a potion of berserk rage
 Q - 6 potions of curing


   Skills:
 + Level 9.5 Fighting
 - Level 12.0 Maces & Flails
 + Level 6.0 Armour
 - Level 1.3 Dodging
 - Level 3.0 Stealth
 - Level 2.0 Spellcasting
 - Level 2.6 Conjurations
 - Level 3.0 Translocations
 + Level 6.0 Invocations


You had 8 spell levels left.
You knew the following spells:

 Your Spells              Type           Power      Damage    Failure   Level
a - Kiss of Death         Conj/Necr      36%        2d8       8%          1
b - Momentum Strike       Conj/Tloc      32%        3d8       6%          2
c - Lesser Beckoning      Tloc           34%        N/A       5%          2

Your spell library contained the following spells:

 Spells                   Type           Power      Damage    Failure   Level
 Apportation              Tloc           34%        N/A       3%          1
 Sting                    Conj/Alch      36%        1d5       8%          1
 Gell's Gravitas          Tloc           17%        N/A       11%         3
 Teleport Other           Tloc           17%        N/A       11%         3
 Necrotise                Necr           8%         1d4       13%         1
 Summon Small Mammal      Summ           8%         N/A       13%         1
 Sublimation of Blood     Necr           2%         N/A       19%         2
 Hailstorm                Conj/Ice       9%         3d6       22%         3
 Inner Flame              Hex/Fire       2%         N/A       36%         3
 Tukima's Dance           Hex            2%         N/A       36%         3
 Passage of Golubria      Tloc           17%        N/A       36%         4
 Flame Wave               Conj/Fire      9%         2d6       58%         4
 Cause Fear               Hex            1%         N/A       77%         4
 Petrify                  Alch/Erth      2%         N/A       77%         4
 Sticky Flame             Fire/Alch      2%         2d4       77%         4
 Fireball                 Conj/Fire      4%         3d4       90%         5
 Irradiate                Conj/Alch      4%         3d13      90%         5
 Yara's Violent Unravell  Hex/Alch       1%         3d3       98%         5
 Dragon's Call            Summ           1%         N/A       100%        9


Dungeon Overview and Level Annotations

Branches:
Dungeon (10/15)            Temple (0/1) D:6            Lair (0/5) D:9
    Orc (0/2) D:9           Sewer (visited)

Altars:
Ashenzari
Cheibriados
Dithmenos
Makhleb
Nemelex Xobeh
Okawaru
Ru
Trog
Wu Jian
Yredelemnul
The Shining One

Shops:
D:6 ?

Annotations:
D:4 1 runed translucent door
D:9 exclusion: orange crystal statue
D:10 Sonja


Innate Abilities, Weirdness & Mutations

Your spellcasting is much less encumbered by armour.
You can use scrolls of enchantment on lesser artefacts.


Message History

Unknown command.
Unknown command.
Unknown command.
Unknown command.
You throw a curare-tipped dart. The curare-tipped dart misses Sonja.
Sonja throws a curare-tipped dart.
The curare-tipped dart barely misses you.
You throw a curare-tipped dart.
The curare-tipped dart barely misses Sonja.
Sonja throws a curare-tipped dart.
The curare-tipped dart hits you.
You are poisoned.
You have difficulty breathing.
You feel yourself slow down.
Sonja mumbles some strange words.
Sonja blinks!
Unknown command.
Casting: Momentum Strike (safe; 6% risk of failure)
Confirm with . or Enter, or press ? or * to list all spells.
Aiming: Lesser Beckoning (safe; 5% risk of failure)
Press: ? - help, Shift-Dir - straight line, f/p - Sonja
Aim: Sonja, wielding a +2 dagger of distortion and quivering curare-tipped darts (100% to hit)
Sonja hurls suddenly forward!
You feel very sick. Sonja hits you but does no damage.
Sonja closely misses you. Sonja hits you but does no damage.
Space warps horribly around you!!
* * * LOW HITPOINT WARNING * * *
Sonja hits you but does no damage. Space warps around you.
* * * LOW HITPOINT WARNING * * *
Sonja closely misses you. Sonja hits you but does no damage.
Space warps around you.
* * * LOW HITPOINT WARNING * * *
Unknown command.
Unknown command.
You completely miss Sonja.
You feel sick.
Sonja hits you with a +2 dagger of distortion.
* * * LOW HITPOINT WARNING * * *
Space warps around you.
* * * LOW HITPOINT WARNING * * *
Sonja misses you. Sonja closely misses you.
You miss Sonja.
You feel sick. Sonja hits you but does no damage. Space warps around you.
* * * LOW HITPOINT WARNING * * *
Sonja hits you but does no damage. Sonja barely misses you.
Unknown command.
You closely miss Sonja.
You feel sick. Sonja hits you but does no damage.
Space warps horribly around you!
* * * LOW HITPOINT WARNING * * *
Sonja hits you but does no damage. Space warps horribly around you!
You die...
Sonja takes a bow.
Cheibriados appreciates the motionlessness of death.

.# #. .. #.. ..
#..##########.# .
#............# .#
#.....@.....## K..
#.....K.....## ...
.............# ..
.............#.#.#.#
..(.................
###########.........
##># #.....#... ß...
#.##...#.. .. #.#
.....


You could see Sonja.

Vanquished Creatures
  A boulder beetle (D:8)
  A deep elf pyromancer (D:8)
  Prince Ribbit (D:7)
  A wraith (D:7)
  A steam dragon (D:9)
  An acid dragon (D:8)
  A sky beast (D:6)
  An ice beast (D:8)
  3 orc warriors
  An ogre (D:5)
  4 centaurs
  A phantom (D:7)
  4 bullfrogs
  A brain worm (Sewer)
  7 kobold brigands
  A gnoll sergeant (D:7)
  2 scorpions
  9 wights
  8 howler monkeys
  3 quasits (D:6)
  3 hounds
  A gnoll bouda (D:7)
  5 orc priests
  3 jellies
  5 iguanas
  A sleepcap (D:5)
  7 orc wizards
  Terence (D:3)
  11 adders
  12 gnolls
  2 shadow imps (D:6)
  3 white imps
  4 ufetubi (D:6)
  A dart slug (D:1)
  2 ribbon worms
  20 orcs
  13 bats
  13 endoplasms
  10 giant cockroaches
  4 goblins
  8 hobgoblins
  32 kobolds
  12 quokkas
  9 ball pythons
  5 frilled lizards
  A goblin zombie (D:4)
  A jackal skeleton (D:4)
  4 rats
245 creatures vanquished.

Vanquished Creatures (collateral kills)
  An orc (D:6)
1 creature vanquished.

Vanquished Creatures (others)
  An arcanist (D:7)
  An orc wizard (D:8)
2 creatures vanquished.

Grand Total: 248 creatures vanquished

Notes
Turn   | Place    | Note
-------+----------+-------------------------------------------
     0 | D:1      | Sobieck the Mountain Dwarf Reaver began the quest for the
                  | Orb.
     0 | D:1      | Reached XP level 1. HP: 17/17 MP: 3/3
    62 | D:1      | Reached XP level 2. HP: 19/25 MP: 4/4
   164 | D:1      | Learned a level 2 spell: Momentum Strike
   297 | D:1      | Reached skill level 1 in Armour
   348 | D:1      | Reached skill level 4 in Maces & Flails
   354 | D:1      | Reached XP level 3. HP: 24/30 MP: 6/6
   752 | D:1      | Reached skill level 1 in Stealth
  1153 | D:2      | Reached skill level 1 in Translocations
  1298 | D:2      | Reached XP level 4. HP: 35/37 MP: 7/7
  1363 | D:2      | Reached skill level 3 in Fighting
  1614 | D:2      | Found the +5 demon whip "Spellbinder" {antimagic, disrupt,
                  | Will+}
  1855 | D:2      | Reached XP level 5. HP: 43/45 MP: 2/8
  2121 | D:3      | Found a broken altar of Ashenzari.
  2338 | D:3      | Found a glowing drain.
  2342 | Sewer    | Entered a sewer
  2468 | Sewer    | Reached XP level 6. HP: 51/51 MP: 3/9
  2476 | Sewer    | Reached skill level 5 in Maces & Flails
  2538 | Sewer    | Reached skill level 3 in Armour
  2639 | Sewer    | Reached XP level 7. HP: 46/59 MP: 3/10
  2745 | Sewer    | Reached skill level 6 in Maces & Flails
  2991 | D:3      | Noticed Terence
  2995 | D:3      | Killed Terence
  3164 | D:3      | Found a faded altar of an unknown god.
  3230 | D:3      | Found a snail-covered altar of Cheibriados.
  3249 | D:3      | Became a worshipper of Cheibriados the Contemplative
  3360 | D:4      | Found a shadowy altar of Dithmenos.
  3372 | D:4      | Found a runed translucent door.
  3372 | D:4      | Noticed a human
  3479 | D:4      | Found a sacrificial altar of Ru.
  3482 | D:4      | Identified the +0 leather armour of Weirdness {Dex+2}
  3546 | D:4      | Found a basalt altar of Yredelemnul.
  4071 | D:4      | Reached * piety under Cheibriados
  4276 | D:5      | Entered Level 5 of the Dungeon
  4545 | D:5      | Reached skill level 3 in Stealth
  4619 | D:5      | Reached skill level 7 in Maces & Flails
  4619 | D:5      | Reached skill level 3 in Translocations
  4699 | D:5      | Found a burning altar of Makhleb.
  4715 | D:5      | Reached XP level 8. HP: 20/68 MP: 3/11
  5331 | D:5      | Reached skill level 8 in Maces & Flails
  5347 | D:5      | Reached ** piety under Cheibriados
  5656 | D:5      | Learned a level 2 spell: Lesser Beckoning
  5733 | D:5      | Reached skill level 6 in Fighting
  5738 | D:6      | Reached skill level 9 in Maces & Flails
  6002 | D:6      | Found a staircase to the Ecumenical Temple.
  6109 | D:6      | Reached skill level 10 in Maces & Flails
  6109 | D:6      | Reached XP level 9. HP: 60/78 MP: 1/12
  6117 | D:6      | Reached *** piety under Cheibriados
  6344 | D:6      | Found Nujirchouph's Magic Scroll Boutique.
  6357 | D:6      | Bought a scroll of summoning for 104 gold pieces
  6357 | D:6      | Bought a scroll of revelation for 82 gold pieces
  6357 | D:6      | Bought a scroll of identify for 22 gold pieces
  6544 | D:6      | Reached skill level 11 in Maces & Flails
  6932 | D:7      | Noticed Prince Ribbit
  6943 | D:7      | Killed Prince Ribbit
  7096 | D:7      | Found a glowing golden altar of the Shining One.
  7112 | D:7      | Found an iron altar of Okawaru.
  7112 | D:7      | Found a sparkling altar of Nemelex Xobeh.
  7112 | D:7      | Found an ornate altar of the Wu Jian Council.
  7128 | D:7      | Reached skill level 12 in Maces & Flails
  7156 | D:7      | Reached skill level 1 in Invocations
  7171 | D:7      | Reached **** piety under Cheibriados
  7744 | D:7      | Found a bloodstained altar of Trog.
  7746 | D:7      | Noticed a wizard
  7750 | D:7      | Killed a wizard
  8112 | D:8      | Reached skill level 3 in Invocations
  8269 | D:8      | Noticed a deep elf pyromancer
  8277 | D:8      | Killed a deep elf pyromancer
  8278 | D:8      | Reached XP level 10. HP: 71/90 MP: 4/13
  9164 | D:8      | Reached skill level 9 in Fighting
  9185 | D:8      | Found a transporter.
  9187 | D:8      | Found a transporter.
  9188 | D:8      | Noticed a boulder beetle
  9216 | D:8      | Killed a boulder beetle
  9357 | D:9      | Reached ***** piety under Cheibriados
  9484 | D:9      | Noticed an orange crystal statue
  9512 | D:9      | Reached skill level 6 in Armour
  9512 | D:9      | Reached skill level 6 in Invocations
  9522 | D:9      | You fall into a shaft and drop 1 floor!
  9522 | D:10     | Entered Level 10 of the Dungeon
  9536 | D:10     | Noticed Sonja
  9549 | D:10     | Slain by Sonja

Illustrated notes

Levels and vault maps discovered:
D:1:      mushboom_english_gardens, layout_basic, minmay_stone_trees_small,
          minmay_small_reverse_x
D:2:      kennysheep_big_flooded_room, layout_basic
D:3:      minmay_spotlight, layout_basic, lemuel_round_altar,
          ashenzari_conservatory_becter,
          hellmonk_ecumenical_altar_inner_sanctum, gup_sewer_entry_spiral,
          minmay_misc_feat_iff, minmay_misc_feat_doors, serial_park_tiny_1,
          uniq_terence
D:4:      layout_cave_pods, nicolae_ru_sacrificial_ziggurat,
          dk_yredelemnul_ordeal, grunt_dithmenos_smoke
D:5:      cheibrodos_barr_body, layout_gridville, amcnicky_altar_gilded
D:6:      layout_loops_ring, minmay_temple_entry_waves, serial_demonic,
          serial_demonic_f, serial_demonic_b, serial_demonic_d,
          serial_demonic_g, serial_demonic_f, serial_shops, shop,
          grunt_ministairs_3, minivault_4
D:7:      layout_loops_ring, grunt_temple_overflow_open, trog_wizard,
          uniq_prince_ribbit1
D:8:      gammafunk_boulding_lane, layout_basic, guppyfry_early_elven_hall
D:9:      layout_loops_ring, lair_entry_dummy, orc_0_dummy, enter_bailey_3,
          minmay_statue_bubble, uniq_jeremiah
D:10:     gammafunk_beogh_shrine, layout_irregular_city,
          nicolae_uskayaw_dance_hall, nicolae_overflow_hidden_temple,
          xom_butterflies, hangedman_decor_opposing, uniq_josephine, uniq_sonja

Skill      XL: |  1  2  3  4  5  6  7  8  9 10 |
---------------+-------------------------------+-----
Armour         | 1 2 3 4 6 |  6.0
Spellcasting   | 2 |  2.0
Maces & Flails | 4 5 7 10 12 | 12.0
Stealth        | 1 2 3 |  3.0
Translocations | 1 2 3 |  3.0
Fighting       | 3 4 5 6 8 9 |  9.5
Invocations    | 3 6 |  6.0
Dodging        | |  1.3
Conjurations   | |  2.6

Action                     |  1- 3 |  4- 6 |  7- 9 | 10-12 || total
---------------------------+-------+-------+-------+-------++-------
  Melee: Mace              |   120 |    26 |       |       ||   146
         Demon whip        |       |   121 |   375 |   101 ||   597
  Throw: Stone             |       |       |       |     9 ||     9
         Dart              |       |       |       |     2 ||     2
   Cast: Momentum Strike   |     1 |     1 |     1 |       ||     3
         Lesser Beckoning  |       |       |     3 |     1 ||     4
    Use: Scroll            |       |       |    17 |     4 ||    21
         Potion            |       |       |     2 |       ||     2
 Armour: Leather armour    |    85 |     6 |       |       ||    91
         Ring mail         |       |    70 |    19 |       ||    89
         Scale mail        |       |       |   193 |    76 ||   269
  Dodge: Dodged            |    81 |    83 |   148 |    48 ||   360

Table legend: (Time is in decaauts)
 A = Elapsed time spent in this place.
 B = Non-inter-level travel time spent in this place.
 C = Inter-level travel time spent in this place.
 D = Time resting spent in this place.
 E = Time spent auto-exploring this place.
 F = Levels seen in this place.
 G = Mean time per level.
                   A        B        C        D        E       F      G
               +--------+--------+--------+--------+--------+-----+--------+
         Total |  11519 |  11138 |    381 |   1488 |   7414 |  11 | 1047.2 |
       Dungeon |  11041 |  10660 |    381 |   1388 |   7223 |  10 | 1104.1 |
         Sewer |    478 |    478 |      0 |    100 |    191 |   1 |  478.0 |
               +--------+--------+--------+--------+--------+-----+--------+

Top non-repeatable levels by time:
     D:8: 1743 daAuts
     D:5: 1677 daAuts
     D:6: 1561 daAuts
     D:7: 1442 daAuts
     D:4: 1257 daAuts
     D:1: 1130 daAuts
     D:3: 995 daAuts
     D:2: 825 daAuts
   Sewer: 478 daAuts
     D:9: 369 daAuts
    D:10: 37 daAuts
